AoeStats
← crypto_zhupel

Arena

504276703Analyzed
2v2 RM · 27d ago on Sep 4, 2026· 42m 59s· 4 players
Game mode
Random Map
Map size
Medium (4 player)
Population
200
Speed
Normal
Resources
Standard
Victory
Conquest
Starting age
Dark Age
Ending age
Imperial Age
RankedLock teamsTeams togetherTeam positionsShared explorationLock speedFull tech treeHidden civsTurbo modeCheats
Victory
Defeat
🇷🇺 Khitans · Russia
1396
+15
🇷🇺 Goths · Russia
1374
+15
🇬🇧 Chinese · United Kingdom
1373
-15
🇦🇷 Portuguese · Argentina
1365
-15
Calum1Ltv
0:28 Loom
10:57 Feudal Age
15:46 Castle Age
14:04 Horse Collar
14:12 Double-Bit Axe
15:49 Stone Mining
16:43 Bow Saw
17:54 Fletching
20:41 Gold Mining
22:08 Bodkin Arrow
23:13 Padded Archer Armor
28:33 Wheelbarrow
34:22 Imperial Age
32:03 Scale Mail Armor
32:59 Squires
33:11 Forging
32:53 Pikeman
34:55 Chain Mail Armor
35:42 Iron Casting
35:26 Halberdier
36:41 Plate Mail Armor
37:20 Conscription
39:05 Chemistry
39:48 Capped Ram
41:18 Bracer
41:33 Leather Archer Armor
42:43 Blast Furnace
42:06 Ballistics
41:57 Masonry
41:48 Elite Skirmisher
AWAKALTA
5:04 Loom
10:37 Feudal Age
14:28 Castle Age
13:57 Double-Bit Axe
17:52 Horse Collar
19:48 Bow Saw
22:20 Town Watch
23:53 Wheelbarrow
27:33 Hand Cart
30:01 Imperial Age
28:50 Hand Cart
31:23 Fortified Wall
32:30 Chemistry
32:06 Pikeman
33:13 Padded Archer Armor
33:52 Conscription
34:42 Masonry
34:14 Halberdier
youteGG_mangoneluser
10:49 Feudal Age
15:08 Castle Age
13:13 Double-Bit Axe
13:29 Domestication
19:49 Loom
21:35 Wheelbarrow
25:03 Hand Cart
24:36 Town Watch
26:42 Gold Mining
27:13 Husbandry
29:53 Imperial Age
28:42 Scale Barding Armor
28:47 Forging
28:37 Treadmill Crane
29:50 Chain Barding Armor
30:04 Elite Steppe Lancer
30:25 Light Cavalry
31:28 Hussar
35:26 Plate Barding Armor
35:26 Iron Casting
35:58 Pastoralism
37:07 Heavy Cavalry Archer
38:12 Parthian Tactics
38:12 Conscription
38:47 Siege Engineers
38:52 Thumb Ring
38:39 Fletching
38:50 Padded Archer Armor
39:12 Ballistics
39:52 Chemistry
39:43 Bodkin Arrow
40:54 Bracer
41:10 Leather Archer Armor
43:13 Ring Archer Armor
42:46 Elite Skirmisher
crypto_zhupel
7:31 Loom
9:40 Feudal Age
11:04 Double-Bit Axe
14:31 Wheelbarrow
15:15 Fletching
22:50 Castle Age
34:19 Hand Cart
34:19 Bow Saw
35:07 Horse Collar
37:05 Heavy Plow
38:41 Scale Mail Armor
40:07 Pikeman
40:10 Man-at-Arms
41:12 Chain Mail Armor
41:16 Long Swordsman
42:09 Forging
42:20 Pikeman
43:06 Squires
Connection lost

Rejoining the realm…

Still unreachable

The connection could not be restored.

Session expired

The server has moved on; the page needs a fresh start.